 Dungeon Crawl Stone Soup version 0.21-a0-258-g4c0eb85 (webtiles) character file.

6288 tidbits the Fighter (level 10, 26/94 HPs)
             Began as a Red Draconian Wanderer on Sept 6, 2017.
             Quit the game on level 9 of the Dungeon.
             The game lasted 00:30:32 (3513 turns).

tidbits the Fighter (Red Draconian Wanderer)        Turns: 3513, Time: 00:30:32

Health: 26/94      AC:  8    Str: 13    XL:     10   Next: 63%
Magic:  10/10      EV: 18    Int: 13    God:
Gold:   356        SH:  0    Dex: 15    Spells: 9/9 levels left

rFire    + + .     SeeInvis .   F - +0 blowgun
rCold    . . .     Gourm    .   (no shield)
rNeg     . . .     Faith    +   (armour unavailable)
rPois    +         Spirit   .   (helmet restricted)
rElec    .         Reflect  .   C - +0 cloak
rCorr    .         Harm     .   (no gloves)
MR       .....                  (no boots)
Stlth    ++........             l - amulet of faith
HPRegen  0.25/turn              P - ring of poison resistance
MPRegen  0.12/turn              B - ring of fire

@: no status effects
A: breathe fire, unfitting armour, cold resistance 1, fire resistance 1, poison
resistance, cold-blooded, AC +7
a: Breathe Fire


You were on level 9 of the Dungeon.
You were not hungry.

You visited 1 branch of the dungeon, and saw 10 of its levels.
You also visited: Sewer.

You collected 356 gold pieces.

Inventory:

Hand Weapons
 a - a +2 hand axe
 i - a +0 spear of freezing
   (You found it on level 1 of the Dungeon)
 r - a +0 quarterstaff of speed
   (You found it on level 5 of the Dungeon)
 x - a +0 long sword
 F - a +0 blowgun (weapon)
 H - a +0 shortbow
 K - a +0 dagger of venom
   (You took it off Maurice on level 9 of the Dungeon)
 N - a +0 hunting sling
Missiles
 h - 2 tomahawks
 k - 4 javelins
 m - 8 curare-tipped needles (quivered)
 p - 76 arrows
 u - 3 throwing nets {!f}
 O - 17 sling bullets
Armour
 C - a +0 cloak (worn)
Jewellery
 l - an amulet of faith (around neck)
   (You found it on level 2 of the Dungeon)
 B - a ring of fire (right hand)
   (You found it on level 6 of the Dungeon)
 P - a ring of poison resistance (left hand)
   (You found it on level 1 of the Dungeon)
 Q - a +3 amulet of reflection
   (You took it off an orc warrior on level 9 of the Dungeon)
Wands
 f - a wand of confusion (21/48)
 y - a wand of enslavement (2/24)
 I - a wand of lightning (0/15)
 L - a wand of paralysis (8/24)
Scrolls
 b - 5 scrolls of teleportation
 o - 3 scrolls of recharging
 A - a scroll of fear {unknown}
 E - 2 scrolls of remove curse
 G - a scroll of holy word {unknown}
Potions
 c - 2 potions of flight
 g - a potion of ambrosia
 j - a potion of haste
 s - 2 potions of invisibility
 t - a potion of brilliance
 v - a potion of might {unknown}
 z - a potion of curing
 D - 2 potions of cancellation {unknown}
Books
 e - a book of Maledictions
   (You found it on level 4 of the Dungeon)

   Spells                             Type                      Level
   a - Corona                         Hexes                        1
   b - Ensorcelled Hibernation        Hexes/Ice                    2
   c - Confuse                        Hexes                        3
   d - Tukima's Dance                 Hexes                        3
   e - Dazzling Spray                 Conjuration/Hexes            3
 n - a book of Minor Magic
   (You found it on level 5 of the Dungeon)

   Spells                             Type                      Level
   a - Magic Dart                     Conjuration                  1
   b - Blink                          Translocation                2
   c - Call Imp                       Summoning                    2
   d - Slow                           Hexes                        2
   e - Conjure Flame                  Conjuration/Fire             3
   f - Mephitic Cloud                 Conjuration/Poison/Air       3
Comestibles
 d - 6 bread rations
 q - 4 meat rations
 w - 5 fruits
 J - a royal jelly
 M - 9 chunks of flesh


   Skills:
 - Level 10.4 Fighting
 - Level 1.0 Long Blades
 - Level 2.0 Axes
 - Level 1.0 Throwing
 - Level 8.6 Dodging
 - Level 1.0 Stealth
   Level 1.0 Shields
 + Level 9.6 Unarmed Combat


You had 9 spell levels left.
You didn't know any spells.

Dungeon Overview and Level Annotations

Branches:
Dungeon (10/15)
 Temple: D:4-7         Lair: D:8-11         Orc: D:9-12

Altars:


Innate Abilities, Weirdness & Mutations

You can breathe blasts of fire.
Your fiery red scales are hard. (AC +7)
You cannot fit into any form of body armour.
Your flesh is heat resistant. (rF+)
You are cold-blooded and may be slowed by cold attacks.
Your flesh is cold resistant. (rC+)
Your system is resistant to poisons. (rPois)


Message History

You are now empty-handed.
You hit the yak.
You kill the yak!
You barely miss the orc warrior. The orc warrior misses you.
Unknown command.
Press: ? - help, Shift-Dir - straight line, f/p - centaur
Aim: a centaur You breathe a blast of fire.
The fiery breath hits the orc warrior.
The orc warrior appears unharmed.
The fiery breath misses the centaur.
You feel somewhat more hungry.
The centaur is engulfed in blazing flames.
The orc warrior misses you.
The centaur is engulfed in blazing flames.
Unknown command.
Wield which item (- for none, * to show all)? (? for menu, Esc to quit)
F - a +0 blowgun (weapon)
The centaur is engulfed in blazing flames.
You kill the centaur!
Firing (i - inventory. (,) - cycle):
m - 6 curare-tipped needles (quivered)
Press: ? - help, Shift-Dir - straight line, f - orc warrior
Aim: an orc warrior, wielding a mace and wearing a chain mail You shoot a curare-tipped needle.
The curare-tipped needle barely misses the orc warrior.
The orc warrior closely misses you.
Firing (i - inventory. (,) - cycle):
m - 5 curare-tipped needles (quivered)
Press: ? - help, Shift-Dir - straight line, f/p - orc warrior
Aim: an orc warrior, wielding a mace and wearing a chain mail You shoot a curare-tipped needle.
The curare-tipped needle hits the orc warrior.
The orc warrior is poisoned.
The orc warrior convulses.
The orc warrior seems to slow down.
The orc warrior is moderately wounded.
The orc warrior hits you with a mace!
* * * LOW HITPOINT WARNING * * *
Firing (i - inventory. (,) - cycle):
m - 4 curare-tipped needles (quivered)
Press: ? - help, Shift-Dir - straight line, f/p - orc warrior
Aim: an orc warrior, wielding a mace and wearing a chain mail (moderately wounded, slow, poisoned)
You shoot a curare-tipped needle.
The curare-tipped needle hits the orc warrior.
The orc warrior looks as sick as possible!
The orc warrior convulses.
The orc warrior seems to be slow for longer.
The orc warrior is severely wounded.
Firing (i - inventory. (,) - cycle):
m - 3 curare-tipped needles (quivered)
Press: ? - help, Shift-Dir - straight line, f/p - orc warrior
Aim: an orc warrior, wielding a mace and wearing a chain mail (almost dead, slow, poisoned)
You shoot a curare-tipped needle.
The curare-tipped needle hits the orc warrior.
The orc warrior looks as sick as possible!
The orc warrior convulses.
You kill the orc warrior!
Eat one of 7 chunks of flesh? (ye/n/q)
You eat one of the 7 chunks of flesh.
This raw flesh tastes terrible.
m - 3 curare-tipped needles (gained 1)
Things that are here:
a mace; a chain mail You have got your breath back.
m - 8 curare-tipped needles (gained 5)
Items here: )) ††† a giant club; a giant spiked club; a yak corpse; a two-headed ogre corpse a bullfrog corpse Butcher a bullfrog corpse? [(y)es/(c)hoosy/(n)o/(a)ll/(e)dible/(q)uit/?]
Butcher a yak corpse? [(y)es/(c)hoosy/(n)o/(a)ll/(e)dible/(q)uit/?]
Okay, then.
You butcher the bullfrog corpse.
M - 9 chunks of flesh (gained 3)
Items here: )) †† a giant club; a giant spiked club; a yak corpse; a two-headed ogre corpse Unknown command.
p - 76 arrows (gained 11);
f - a scroll of identify
Things that are here:
a shortbow; a centaur corpse
As you read the scroll of identify, it crumbles to dust.
s - 2 potions of invisibility You see here a transparent helmet.
k - 3 javelins (gained 1);
f - a wand of confusion (?/48)
E - a scroll of remove curse
Things that are here:
a hand axe; a ring mail
k - 4 javelins (gained 1)
Q - a blackened bronze amulet
E - 2 scrolls of remove curse (gained 1)
Things that are here:
a short sword; a chain mail
There is a stone staircase leading up here.
You climb upwards.
A wyvern and a worker ant come into view.
There is a stone staircase leading down here.
You climb downwards.
There is a stone staircase leading up here.
Found an escape hatch in the ceiling.
Found an escape hatch in the floor.
Found a scroll of identify.
Autopickup is now off.
You see here a scroll of identify.
As you read the scroll of identify, it crumbles to dust.
Q - a +3 amulet of reflection Search for what [? for help]?
Okay, then.
Are you sure you want to abandon this character and quit the game? (Confirm with "yes".)

##.............
###.#......##.
#.......#..
######...#...
#.............
#...........##
#............#
########.#..###....
#...@......## ..##
#.........## ..#
#.........# .#
#.........#
#.........#
#.........#
#.........#
#.........#
###########


There were no monsters in sight!

Vanquished Creatures
  2 two-headed ogres
  The ghost of tidbits the Fighter, a novice DgWn (D:9)
  Joseph (D:8)
  Maurice (D:9)
  9 yaks
  2 water moccasins
  A black bear (D:6)
  2 orc warriors (D:9)
  A necrophage (D:9)
  4 ogres (D:6)
  3 centaurs (D:9)
  A crocodile (Sewer)
  A big kobold (D:8)
  A bullfrog (D:9)
  A wyvern skeleton (D:9)
  A scorpion (D:4)
  4 howler monkeys
  2 crimson imps (D:6)
  A bullfrog zombie (D:5)
  A quasit (D:9)
  2 orc priests
  An orc wizard (D:3)
  A centaur skeleton (D:5)
  5 hounds
  6 worker ants
  A hound zombie (D:10)
  A hound skeleton (D:5)
  4 gnolls (D:8)
  A river rat (D:4)
  10 adders
  A shadow imp (D:6)
  An adder zombie (D:5)
  A worm (D:3)
  4 dart slugs
  6 leopard geckos
  11 orcs
  4 bats
  2 giant cockroaches (D:1)
  13 goblins
  6 hobgoblins
  7 jackals
  3 quokkas
  5 frilled lizards
  A giant cockroach zombie (D:6)
  A jackal skeleton (D:4)
  12 kobolds
  2 quokka zombies
  4 rats
156 creatures vanquished.

Notes
Turn   | Place    | Note
-------+----------+-------------------------------------------
     0 | D:1      | tidbits the Draconian Wanderer began the quest for the Orb.
     0 | D:1      | tidbits set off with: a +2 hand axe, a scroll of teleportation, a potion of curing, a bread ration
     0 | D:1      | Reached XP level 1. HP: 19/19 MP: 1/1
    54 | D:1      | Reached XP level 2. HP: 17/26 MP: 2/2
   249 | D:1      | Reached skill level 4 in Fighting
   324 | D:2      | Reached skill level 2 in Dodging
   324 | D:2      | Reached XP level 3. HP: 28/33 MP: 3/3
   611 | D:3      | HP: 3/33 [orc wizard/magic dart (5)]
   618 | D:3      | Reached XP level 4. HP: 14/41 MP: 4/4
   625 | D:3      | HP: 4/41 [adder (1)]
   631 | D:3      | HP: 4/61 [poisoned by an adder]
   637 | D:3      | HP: 3/61 [poisoned by an adder]
   682 | D:3      | Reached skill level 3 in Dodging
   751 | D:4      | Reached skill level 5 in Fighting
   751 | D:4      | Reached XP level 5. HP: 15/48 MP: 5/5
   867 | D:4      | Found a glowing drain.
   888 | Sewer    | Entered a sewer
  1028 | Sewer    | Noticed a crocodile
  1041 | Sewer    | HP: 1/48 [crocodile (13)]
  1045 | Sewer    | Killed a crocodile
  1045 | Sewer    | Reached skill level 4 in Dodging
  1045 | Sewer    | Reached XP level 6. HP: 27/57 MP: 6/6
  1342 | D:3      | You fall through a shaft!
  1353 | D:5      | Entered Level 5 of the Dungeon
  1366 | D:5      | Gained mutation: Your system is resistant to poisons. (rPois) [potion of mutation]
  1366 | D:5      | Gained mutation: Your flesh is heat resistant. (rF+) [potion of mutation]
  1366 | D:5      | Gained mutation: Your flesh is cold resistant. (rC+) [potion of mutation]
  1742 | D:5      | Reached skill level 6 in Fighting
  1924 | D:6      | Noticed a water moccasin
  1938 | D:6      | Killed a water moccasin
  1938 | D:6      | Your scales start taking on a fiery red colour.
  1938 | D:6      | Reached XP level 7. HP: 45/64 MP: 7/7
  1938 | D:6      | Mutation became permanent: Your flesh is heat resistant. (rF+) [Red Draconian growth]
  1938 | D:6      | Gained mutation: Your flesh is heat resistant. (rF+) [Red Draconian growth]
  2035 | D:6      | Reached skill level 5 in Dodging
  2053 | D:6      | Reached skill level 7 in Fighting
  2230 | D:6      | Reached skill level 6 in Dodging
  2333 | D:6      | Reached XP level 8. HP: 74/74 MP: 8/8
  2397 | D:6      | Reached skill level 8 in Fighting
  2440 | D:8      | Noticed a two-headed ogre
  2453 | D:8      | Killed a two-headed ogre
  2453 | D:8      | Reached skill level 9 in Fighting
  2453 | D:8      | Reached skill level 7 in Dodging
  2472 | D:8      | Reached XP level 9. HP: 28/84 MP: 9/9
  2726 | D:9      | Reached skill level 8 in Dodging
  2764 | D:10     | Entered Level 10 of the Dungeon
  3034 | D:9      | Noticed Maurice
  3045 | D:9      | Killed Maurice
  3045 | D:9      | Reached skill level 10 in Fighting
  3138 | D:9      | Noticed tidbits's ghost (novice DgWn)
  3162 | D:9      | Killed tidbits's ghost
  3162 | D:9      | Reached skill level 4 in Unarmed Combat
  3180 | D:8      | Noticed Joseph
  3207 | D:8      | Killed Joseph
  3207 | D:8      | Reached skill level 5 in Unarmed Combat
  3276 | D:8      | Reached skill level 6 in Unarmed Combat
  3276 | D:8      | Reached XP level 10. HP: 58/94 MP: 10/10
  3302 | D:8      | Reached skill level 7 in Unarmed Combat
  3387 | D:9      | Got a transparent helmet
  3412 | D:9      | Reached skill level 8 in Unarmed Combat
  3416 | D:9      | Noticed a two-headed ogre
  3418 | D:9      | HP: 8/94 [yak (13)]
  3441 | D:9      | Killed a two-headed ogre
  3441 | D:9      | Reached skill level 9 in Unarmed Combat
  3513 | D:9      | Quit the game

Vault maps used:
D:1:      dpeg_arrival_simpleton_c, patterned_corridor
D:4:      gup_sewer_entry_bubbles, first_bread
D:5:      minitemple, guppyfry_shop_venom
D:6:      nrook_uturn
D:7:      temple_fountains, basic_altar, grunt_qazlal_sundering
D:8:      lemuel_doored_altar, uniq_joseph, uniq_grum
D:9:      david_orc_1_choice, uniq_maurice
Sewer:    sewer_the_crocodile

Skill      XL: |  1  2  3  4  5  6  7  8  9 10 |
---------------+-------------------------------+-----
Fighting       | 4 5 6 7 9 10 | 10.4
Dodging        | 2 3 4 6 7 8 |  8.6
Unarmed Combat | 6 9 |  9.6
Long Blades    | |  1.0
Axes           | |  2.0
Throwing       | |  1.0
Stealth        | |  1.0
Shields        | |  1.0

Action                   |  1- 3 |  4- 6 |  7- 9 | 10-12 || total
-------------------------+-------+-------+-------+-------++-------
Melee: Hand axe          |    92 |   148 |       |     3 ||   243
       Tailslap          |    12 |    23 |    24 |    13 ||    72
       Quarterstaff      |       |    51 |   233 |    54 ||   338
       Unarmed           |       |       |       |    10 ||    10
 Fire: Blowgun           |       |       |       |     6 ||     6
Throw: Javelin           |       |       |     1 |     6 ||     7
       Tomahawk          |       |       |       |     1 ||     1
 Abil: Breathe Fire      |       |       |    17 |     5 ||    22
Evoke: Wand              |       |       |       |    10 ||    10
  Use: Potion            |     1 |     7 |       |     1 ||     9
       Scroll            |       |     5 |     3 |     3 ||    11
 Stab: Sleeping          |     1 |     2 |     1 |       ||     4
       Paralysed         |       |       |       |    24 ||    24
  Eat: Fruit             |       |     1 |       |       ||     1
       Chunk             |       |     3 |     8 |     2 ||    13
Armor: Skin              |    23 |    62 |    42 |    10 ||   137
Dodge: Dodged            |    61 |   131 |   179 |    43 ||   414

Table legend:
 A = Spawn XP
 B = Non-spawn XP
 C = Spawn XP percentage of total XP
 D = Spawn monster count
 E = Non-spawn monster count
 F = Spawn count percentage of total count
 G = Total turns spent on level
                    A         B        C        D         E        F      G
               +---------+---------+-------+---------+---------+-------+---------
         Total |       0 |    8984 |   0.0 |       0 |     156 |   0.0 |  3513
               +---------+---------+-------+---------+---------+-------+---------
           D:1 |       0 |      39 |   0.0 |       0 |      21 |   0.0 |   314
           D:2 |       0 |      36 |   0.0 |       0 |      11 |   0.0 |   240
           D:3 |       0 |      95 |   0.0 |       0 |      16 |   0.0 |   272
           D:4 |       0 |     202 |   0.0 |       0 |      13 |   0.0 |   474
           D:5 |       0 |     156 |   0.0 |       0 |      10 |   0.0 |   442
           D:6 |       0 |    1038 |   0.0 |       0 |      21 |   0.0 |   455
           D:7 |       0 |     153 |   0.0 |       0 |       1 |   0.0 |    38
           D:8 |       0 |    2732 |   0.0 |       0 |      27 |   0.0 |   376
           D:9 |       0 |    4404 |   0.0 |       0 |      29 |   0.0 |   489
          D:10 |       0 |      20 |   0.0 |       0 |       1 |   0.0 |   210
         Sewer |       0 |     109 |   0.0 |       0 |       6 |   0.0 |   203
               +---------+---------+-------+---------+---------+-------+---------

Table legend:
 A = Turns spent in this place as a percentage of turns spent in the entire game.
 B = Non-inter-level travel turns spent in this place as a percentage of non-inter-level travel turns spent in the entire game.
 C = Inter-level travel turns spent in this place as a percentage of turns spent in this place.
 D = Turns resting spent in this place as a percentage of non-inter-level travel turns spent in this place.
 E = Turns spent auto-exploring this place as a percentage of non-inter-level travel turns spent in this place.
 F = Non-inter-level travel turns spent in this place divided by the number of levels of this place that you've seen.
                   A       B       C       D       E      F
               +-------+-------+-------+-------+-------+----------------------
         Total | 100.0 | 100.0 |   8.1 |   0.2 |   0.0 | 293.5
       Dungeon |  94.2 |  93.7 |   8.6 |   0.2 |   0.0 | 302.6
         Sewer |   5.8 |   6.3 |   0.0 |   0.0 |   0.0 | 203.0
               +-------+-------+-------+-------+-------+----------------------

Table legend:
 A = Kills in this place as a percentage of kills in entire the game.
 B = Kills by you in this place as a percentage of kills by you in the entire game.
 C = Kills by friends in this place as a percentage of kills by friends in the entire game.
 D = Other kills in this place as a percentage of other kills in the entire game.
 E = Experience gained in this place as a percentage of experience gained in the entire game.
 F = Experience gained in this place divided by the number of levels of this place that you have seen.
                   A       B       C       D       E      F
               +-------+-------+-------+-------+-------+----------------------
         Total | 100.0 | 100.0 |   N/A |   N/A | 100.0 | 816.7
       Dungeon |  96.2 |  96.2 |   N/A |   N/A |  98.8 | 887.5
         Sewer |   3.8 |   3.8 |   N/A |   N/A |   1.2 | 109.0
               +-------+-------+-------+-------+-------+----------------------

Vault maps used:
D:1:      dpeg_arrival_simpleton_c, patterned_corridor
D:4:      gup_sewer_entry_bubbles, first_bread
D:5:      minitemple, guppyfry_shop_venom
D:6:      nrook_uturn
D:7:      temple_fountains, basic_altar, grunt_qazlal_sundering
D:8:      lemuel_doored_altar, uniq_joseph, uniq_grum
D:9:      david_orc_1_choice, uniq_maurice
Sewer:    sewer_the_crocodile
